 Dungeon Crawl Stone Soup version 0.21-a0-578-gc6e9d75 (webtiles) character file.

69 vishdafish the Charmwright (level 4, 0/33 HPs)
             Began as a Demonspawn Skald on Dec 18, 2017.
             Slain by a goblin
             ... wielding a +0 dagger
              (2 damage)
             ... on level 2 of the Dungeon.
             The game lasted 00:01:50 (1266 turns).

vishdafish the Charmwright (Demonspawn Skald)       Turns: 1266, Time: 00:01:51

Health: 0/33       AC:  3    Str: 17    XL:     4   Next: 2%
Magic:  4/7        EV: 12    Int: 15    God:
Gold:   92         SH:  0    Dex: 12    Spells: 6/7 levels left

rFire    . . .     SeeInvis .   f - +2 hand axe (freeze)
rCold    + . .     Gourm    .   (no shield)
rNeg     . . .     Faith    .   b - +0 leather armour
rPois    .         Spirit   .   (helmet restricted)
rElec    .         Reflect  .   (no cloak)
rCorr    .         Harm     .   (no gloves)
MR       .....                  (no boots)
Stlth    +.........             (no amulet)
HPRegen  0.11/turn              j - ring of protection from cold
MPRegen  0.10/turn              (no ring)

@: mighty, lethally poisoned (0 -> -1), infused (expiring)
A: antennae 1, claws 1, talons 1
a: no special abilities


You were on level 2 of the Dungeon.
You were not hungry.

You visited 1 branch of the dungeon, and saw 2 of its levels.

You collected 92 gold pieces.

Inventory:

Hand Weapons
 a - a +0 spear
 f - a +2 hand axe of freezing (weapon)
Armour
 b - a +0 leather armour (worn)
Jewellery
 i - an uncursed ring of ice
 j - a ring of protection from cold (left claw)
Scrolls
 e - a scroll of identify {unknown}
 k - a scroll of magic mapping {unknown}
 l - a scroll of remove curse {unknown}
Potions
 h - a potion of agility {unknown}
 m - a potion of curing {unknown}
Books
 c - a book of Battle

   Spells                             Type                      Level
   a - Infusion                       Charms                       1
   b - Shroud of Golubria             Charms/Translocation         2
   c - Song of Slaying                Charms                       2
   d - Spectral Weapon                Hexes/Charms                 3
   e - Regeneration                   Charms/Necromancy            3
Comestibles
 d - 4 rations


   Skills:
 - Level 2.0 Fighting
 * Level 2.8 Polearms
 + Level 1.6 Armour
 + Level 2.3 Dodging
 - Level 2.0 Spellcasting
 + Level 3.1 Charms


You had 6 spell levels left.
You knew the following spells:

 Your Spells              Type           Power        Failure   Level  Hunger
a - Infusion              Chrm           ##..         8%          1    #......


Dungeon Overview and Level Annotations

Branches:
Dungeon (2/15)

Altars:


Innate Abilities, Weirdness & Mutations

You have a pair of small antennae on your head.
You have sharp fingernails.
You have sharp toenails.


Message History

You feel stronger.
Your demonic ancestry asserts itself...
A pair of antennae grows on your head!
You feel sick.
The goblin shoots a sling bullet.
The sling bullet hits you.
A rat comes into view.
The goblin shoots a sling bullet.
The sling bullet hits you.
* * * LOW HITPOINT WARNING * * *
The goblin unwields an uncursed hunting sling.
The goblin wields an uncursed dagger.
The goblin hits you with an uncursed dagger.
* * * LOW HITPOINT WARNING * * *
You closely miss the goblin.
Your magical infusion is running out.
You feel sick. The goblin barely misses you.
You barely miss the goblin.
The goblin hits you with an uncursed dagger.
* * * LOW HITPOINT WARNING * * *
It was a potion of might.
You feel very mighty all of a sudden.
The goblin hits you with an uncursed dagger.
You die...

# ######### #####
#.......## .....
#........ #...
#.......# #...
#......g# #...
#......@###### ##...
####.†......r.. .....
#.(###############...
#..#...........# #...
#.(#.# #.# #...
#(.#.# #.# #...
#..#.########.####...
#>.....†.....)...'...
####....#####.####...


You could see a goblin and a rat.

Vanquished Creatures
  3 adders (D:2)
  An ooze (D:2)
  A worm (D:2)
  3 dart slugs
  4 giant cockroaches
  3 hobgoblins
  7 kobolds
  A quokka (D:2)
  A ball python (D:2)
  A bat (D:2)
  A frilled lizard (D:2)
  3 goblins
  2 rats
31 creatures vanquished.

Notes
Turn   | Place    | Note
-------+----------+-------------------------------------------
     0 | D:1      | vishdafish the Demonspawn Skald began the quest for the Orb.
     0 | D:1      | Reached XP level 1. HP: 16/16 MP: 3/3
    58 | D:1      | Reached skill level 1 in Armour
   197 | D:1      | Gained mutation: You have sharp fingernails. [demonic ancestry]
   197 | D:1      | Reached XP level 2. HP: 22/22 MP: 1/5
  1068 | D:2      | Reached skill level 3 in Charms
  1068 | D:2      | Gained mutation: You have sharp toenails. [demonic ancestry]
  1068 | D:2      | Reached XP level 3. HP: 25/27 MP: 1/6
  1261 | D:2      | Gained mutation: You have a pair of small antennae on your head. [demonic ancestry]
  1261 | D:2      | Reached XP level 4. HP: 16/33 MP: 3/7
  1266 | D:2      | Slain by a goblin

Vault maps used:
D:1:      elethiomel_arrival_infinity_welcomes_careful_drivers,
          minmay_misc_feat_more_columns
D:2:      lemuel_round_altar, minitemple, first_ration, st_stairs_6

Skill      XL: |  1  2 |
---------------+-------+-----
Armour         | 1 |  1.6
Polearms       | 2 |  2.8
Dodging        | 2 |  2.3
Charms         | 3 |  3.1
Fighting       | |  2.0
Spellcasting   | |  2.0

Action                   |  1- 3 |  4- 6 || total
-------------------------+-------+-------++-------
Melee: Spear             |    17 |       ||    17
       Hand axe          |    64 |     2 ||    66
       Kick              |     1 |       ||     1
 Cast: Infusion          |    10 |       ||    10
  Use: Potion            |       |     1 ||     1
  Eat: Chunk             |     1 |       ||     1
Armor: Leather armour    |    18 |       ||    18
Dodge: Dodged            |    46 |     1 ||    47

Table legend:
 A = Spawn XP
 B = Non-spawn XP
 C = Spawn XP percentage of total XP
 D = Spawn monster count
 E = Non-spawn monster count
 F = Spawn count percentage of total count
 G = Total turns spent on level
                    A         B        C        D         E        F      G
               +---------+---------+-------+---------+---------+-------+---------
         Total |       0 |      99 |   0.0 |       0 |      31 |   0.0 |  1266
               +---------+---------+-------+---------+---------+-------+---------
           D:1 |       0 |      23 |   0.0 |       0 |      11 |   0.0 |   926
           D:2 |       0 |      76 |   0.0 |       0 |      20 |   0.0 |   340
               +---------+---------+-------+---------+---------+-------+---------
